 Dungeon Crawl Stone Soup version 0.29.1-1-gd02db6906a (webtiles) character file.

Game seed: 10968560007445709162

151 Ashen the Chiller (level 5, 20/37 HPs)
             Began as a Demonspawn Ice Elementalist on Sept 27, 2022.
             Got out of the dungeon alive.
             The game lasted 00:08:43 (3463 turns).

Ashen the Chiller (Demonspawn Ice Elementalist)     Turns: 3463, Time: 00:08:43

Health: 20/37      AC:  2    Str:  9    XL:     5   Next: 11%
Magic:  9/9        EV: 12    Int: 18    God:
Gold:   178        SH:  0    Dex: 13    Spells: 3/10 levels left

rFire   . . .      SeeInvis .   e - +1 whip (flame)
rCold   . . .      Faith    .   (no shield)
rNeg    . . .      Spirit   .   a - +0 robe
rPois   .          Reflect  .   (helmet restricted)
rElec   .          Harm     .   (no cloak)
rCorr   .          Rampage  .   (no gloves)
Will    .....                   (no boots)
Stlth   ++........              (no amulet)
HPRegen 0.12/turn               (no ring)
MPRegen 0.11/turn               (no ring)

@: no status effects
A: horns 1, spiny 1
a: no special abilities


You escaped.
You visited 1 branch of the dungeon, and saw 4 of its levels.

You collected 178 gold pieces.

Inventory:

Hand Weapons
 e - a +1 whip of flaming (weapon)
Missiles
 m - 2 javelins
 n - a curare-tipped dart (quivered)
Armour
 a - a +0 robe (worn)
Scrolls
 c - 4 scrolls of enchant weapon {unknown}
 d - a scroll of fear {unknown}
 g - a scroll of identify {unknown}
 k - 2 scrolls of vulnerability {unknown}
 l - a scroll of amnesia {unknown}
 o - a scroll of immolation {unknown}
 r - 2 scrolls of teleportation {unknown}
 s - a scroll of blinking {unknown}
Potions
 b - 2 potions of magic
 f - a potion of attraction {unknown}
 h - a potion of brilliance {unknown}
 i - a potion of haste {unknown}
 j - 2 potions of curing {unknown}
 p - a potion of resistance {unknown}
 q - 2 potions of heal wounds {unknown}
 t - a potion of berserk rage {unknown}


   Skills:
 + Level 1.5 Fighting
 + Level 2.3 Dodging
 + Level 2.4 Stealth
 * Level 3.1 Spellcasting
 * Level 4.4 Ice Magic


You had 3 spell levels left.
You knew the following spells:

 Your Spells              Type           Power      Damage    Failure   Level
a - Freeze                Ice            72%        1d9       2%          1
b - Frozen Ramparts       Ice            36%        1d6       8%          3
c - Ozocubu's Armour      Ice            18%        N/A       8%          3

Your spell library contained the following spells:

 Spells                   Type           Power      Damage    Failure   Level
 Sting                    Tmut/Pois      8%         1d3       16%         1
 Poisonous Vapours        Pois/Air       4%         N/A       24%         2
 Scorch                   Fire           4%         2d5       24%         2
 Portal Projectile        Hex/Tloc       4%         N/A       43%         3
 Tukima's Dance           Hex            2%         N/A       43%         3
 Hailstorm                Conj/Ice       10%        3d5       54%         4
 Flame Wave               Conj/Fire      2%         2d4       85%         4
 Olgreb's Toxic Radiance  Pois           2%         N/A       85%         4
 Blade Hands              Tmut           1%         N/A       99%         5
 Summon Cactus Giant      Summ           1%         N/A       100%        6


Dungeon Overview and Level Annotations

Branches:
Dungeon (4/15)
 Temple: D:4-7

Altars:

Shops:
D:3 =

Annotations:
D:4 Pikel


Innate Abilities, Weirdness & Mutations

You have a pair of small horns on your head.
You are partially covered in sharp spines.


Message History

The wall freezes the orc priest.
The orc priest barely misses you.
The wall freezes the orc priest.
The orc priest closely misses you.
The wall freezes the orc priest.
The orc priest hits you from afar with a +0 trident!
* * * LOW HITPOINT WARNING * * *
You aren't carrying any items that you can evoke.
Throw: 2 darts (curare)
Press: ? - help, Q - select action, (/) - cycle Shift-Dir - straight line, f - orc priest
Aim: an orc priest, wielding a +0 trident and wearing a +0 leather armour (heavily wounded, 56% to hit)
You throw a curare-tipped dart.
The curare-tipped dart hits the orc priest.
The orc priest is poisoned.
The orc priest convulses.
You kill the orc priest!
Your Spellcasting skill increases to level 3!
You have reached level 5!
Your demonic ancestry asserts itself...
Sharp spines emerge from parts of your body.
Your frozen ramparts will break if you move.
Continue?
The wall freezes Pikel!
The frozen ramparts melt away.
You climb upwards.
There is a stone staircase leading down here.
(D) Dungeon
Where to? (Enter - D:3 @ (x,y), ? - help)
What level of the Dungeon? (default 1, ? - help)
Your magical contamination has completely faded away.
There is a stone staircase leading down here.
There is a stone staircase leading up here.
You climb upwards.
There is a stone staircase leading down here.
There is a stone staircase leading up here.
You climb upwards.
There is a stone staircase leading down here.
Magic restored.
You enter the shallow water.
Moving in this stuff is going to be slow.
You enter the shallow water.
Moving in this stuff is going to be slow.
There is a staircase leading out of the dungeon here.
Are you sure you want to leave the Dungeon?
This will make you lose the game!
You have escaped!

#....~~.~...~~##
#####.#..##..##
#.#.###++#####
#..8.......~~##
###.~~~~~~..~~#
#~~~...~~..~#
###########~~..~..~~.~#
..........#~..~~~.~~.~#
###########~.~~.@.~~.~#####
#~.~~.~~~..~#...#
#~.~~..~..~~###.#
#~).~~...~~~# #.#
#~~..~~~~~~.###.#
###~~.......8....#
#.#####++###.#####
####............#
#..........###..#


There were no monsters in sight!

Vanquished Creatures
  A lemure (D:3)
  2 orc priests
  2 adders (D:3)
  A worm (D:2)
  2 dart slugs
  8 orcs
  4 ball pythons
  3 bats
  3 endoplasms
  4 giant cockroaches
  6 goblins
  6 hobgoblins
  A jackal (D:3)
  3 quokkas
  3 frilled lizards
  5 kobolds
  5 rats
59 creatures vanquished.

Notes
Turn   | Place    | Note
-------+----------+-------------------------------------------
     0 | D:1      | Ashen the Demonspawn Ice Elementalist began the quest for
                  | the Orb.
     0 | D:1      | Reached XP level 1. HP: 13/13 MP: 3/3
   105 | D:1      | Found a faded altar of an unknown god.
   311 | D:1      | Gained mutation: You have a pair of small horns on your
                  | head. [demonic ancestry]
   311 | D:1      | Reached XP level 2. HP: 16/19 MP: 3/5
  1572 | D:2      | Reached skill level 4 in Ice Magic
  1572 | D:2      | Reached XP level 3. HP: 20/25 MP: 4/6
  2315 | D:3      | Found Tuunua's Jewellery Boutique.
  2600 | D:3      | Reached skill level 1 in Fighting
  2670 | D:3      | Reached XP level 4. HP: 20/32 MP: 2/8
  2676 | D:3      | Learned a level 3 spell: Frozen Ramparts
  2680 | D:3      | Learned a level 3 spell: Ozocubu's Armour
  3286 | D:4      | Noticed Pikel
  3286 | D:4      | Noticed a lemure
  3286 | D:4      | Noticed a lemure
  3286 | D:4      | Noticed a lemure
  3286 | D:4      | Noticed a lemure
  3294 | D:3      | Killed a lemure
  3385 | D:4      | Gained mutation: You are partially covered in sharp spines.
                  | [demonic ancestry]
  3385 | D:4      | Reached XP level 5. HP: 10/37 MP: 2/9
  3463 | D:$      | Got out of the dungeon alive.

Illustrated notes

Levels and vault maps discovered:
D:1:      psy_arrival_whirlpool, layout_loops_ring,
          chequers_ecumenical_altar_island
D:2:      layout_basic, minmay_circle_x
D:3:      layout_rooms, serial_shops, shop, kennysheep_generic_room_5
D:4:      layout_cave_pools, chequers_temple_overflow_minitemple, uniq_pikel

Skill      XL: |  1  2  3  4 |
---------------+-------------+-----
Stealth        | 2 |  2.4
Ice Magic      | 4 |  4.4
Dodging        | 2 |  2.3
Fighting       | 1 |  1.5
Spellcasting   | 3 |  3.1

Action                   |  1- 3 |  4- 6 || total
-------------------------+-------+-------++-------
Melee: Unarmed           |     5 |       ||     5
       Whip              |    72 |    13 ||    85
       Headbutt          |     7 |     1 ||     8
Throw: Dart              |       |     1 ||     1
 Cast: Freeze            |    44 |    12 ||    56
       Frozen Ramparts   |       |     4 ||     4
 Stab: Sleeping          |     4 |       ||     4
Armor: Robe              |    12 |     2 ||    14
Dodge: Dodged            |    64 |    12 ||    76
